 Dungeon Crawl Stone Soup version 0.29-a0-214-g17f627cfee (webtiles) character file.

Game seed: 3058159615137188936

10 spaghetti the Sneak (level 2, -2/24 HPs)
             Began as a Mummy Delver on Feb 24, 2022.
             Slain by an orc
             ... wielding a +0 short sword
              (4 damage)
             ... on level 4 of the Dungeon.
             The game lasted 00:00:51 (120 turns).

spaghetti the Sneak (Mummy Delver)                   Turns: 120, Time: 00:00:52

Health: -2/24      AC:  3    Str: 15    XL:     2   Next: 10%
Magic:  2/2        EV: 11    Int:  9    God:
Gold:   0          SH:  3    Dex: 13    Spells: 1/1 levels left

rFire   x . .      SeeInvis .   g - +0 demon trident (venom) {polearm}
rCold   + . .      Faith    .   h - +0 buckler
rNeg    + + +      Spirit   .   b - +0 leather armour
rPois   ∞          Reflect  .   (no helmet)
rElec   .          Harm     .   (no cloak)
rCorr   .          Rampage  .   (no gloves)
Will    .....                   (no boots)
Stlth   ++........              (no amulet)
HPRegen 0.08/turn               (no ring)
MPRegen 0.08/turn               (no ring)

@: no status effects
A: cold resistance 1, negative energy resistance 3, torment resistance 2, heat
vulnerability 1, no potions
a: no special abilities


You were on level 4 of the Dungeon.
You visited 1 branch of the dungeon, and saw 3 of its levels.


Innate Abilities, Weirdness & Mutations

You are immune to poison.
Your flesh is cold resistant. (rC+)
You are immune to negative energy. (rN+++)
You are immune to unholy pain and torment.
You are vulnerable to heat. (rF-)
You do not drink.


   Skills:
 - Level 3.0 Fighting
 - Level 1.5 Long Blades
 + Level 1.4 Polearms
 - Level 1.5 Dodging
 - Level 4.1 Stealth


You had one spell level left.
You didn't know any spells.
Your spell library was empty.

Inventory:

Hand Weapons
 a - a +0 falchion {long}
 g - a +0 demon trident of venom (weapon) {polearm}
   (You found it on level 6 of the Dungeon)
Armour
 b - a +0 leather armour (worn)
 h - a +0 buckler (worn)
   (You found it on level 5 of the Dungeon)
Wands
 f - a wand of digging (3)
Scrolls
 c - a scroll of fog
 e - a scroll of fear

Dungeon Overview and Level Annotations

Branches:
Dungeon (6/15)
 Temple: D:4-7

Altars:

Shops:
D:5

! #######
#.....####
#........#
#..#..#).)
#..#..#...
##########..#..#..#
#.@o.w...)).####..#
#.######.#)!# #..#
#. #.#..# #### ..
#.##.# # ...
#.##.o# # ....
.....[w. .....
#........# ......
#..........
#...........


You could see a worm and an orc (very poisoned).


Message History

Where to? (? - help)
There is a stone staircase leading up here.
You climb upwards.
You hear the sound of rushing water.
There is an entrance to a sewer on this level.
Hurry and find it before the portal rusts away!
There is a stone staircase leading down here.
Unknown command.
A shadow imp comes into view.
You hear the slow rusting of a very distant drain.
You see here a +0 buckler.
h - a +0 buckler You start putting on your armour.
You continue putting on your +0 buckler. x4
You finish putting on your +0 buckler.
(D) Dungeon
Where to? (Enter - D:5, ? - help) Sorry, I don't know how to get there.
Okay, then.
Really read
d - a scroll of magic mapping {!r}?
As you read the scroll of magic mapping {!r}, it crumbles to dust.
You feel aware of your surroundings.
You sensed 1 altar, and 6 shops/portals.
Unknown command.
Found Fiep's Distillery.
Found an escape hatch in the ceiling.
There is an entrance to Fiep's Distillery here.
There is an escape hatch in the ceiling here.
A mysterious force pulls you upwards. The hatch slams shut behind you.
Unknown command.
Unknown command.
A goblin is nearby!
A kobold comes into view. It is wielding a +0 whip.
The goblin shouts!
The kobold shouts!
You hit the goblin.
You kill the goblin!
Things that are here:
a +0 club {mace}; a goblin corpse You puncture the kobold!
You kill the kobold!
No target in view!
No target in view!
No target in view!
No target in view!
No target in view!
No target in view!
An orc comes into view. It is wielding a +0 flail.
An orc is nearby!
You see here a fizzy emerald potion. 3 orcs come into view.
The orc shouts! x2
A worm comes into view.
The orc moves out of view.
An orc comes into view. It is wielding a +0 short sword.
You closely miss the orc.
The orc shouts! x2
The orc hits you with a +0 flail. The orc closely misses you. 😮 HP[-5]
You take 5 damage, and now have 13/18 hp.
MASSIVE DAMAGE!! (PAUSE)
You hit the orc.
The orc is poisoned.
You kill the orc!
You barely miss the orc. You puncture the orc!
The orc is poisoned.
The orc hits you with a +0 dagger. 😮 HP[-3]
You take 3 damage, and now have 10/18 hp.
You kill the orc!
Your Polearms skill increases to level 1!
Unknown command.
You puncture the orc!
You kill the orc!
You have reached level 2! 😮 HP[+4] MP[+1]
You now have 24 max hp (+6).
You regained 4 hp, and now have 14/24 hp.
Your mp is fully restored (2).
You hit the orc but do no damage.
The orc is poisoned.
The orc hits you with a +0 short sword.
* * * LOW HITPOINT WARNING * * *
😨 HP[-6]
You take 6 damage, and now have 8/24 hp.
MASSIVE DAMAGE!! (PAUSE)
The orc hits you with a +0 short sword.
* * * LOW HITPOINT WARNING * * *
😨 HP[-1]
You take 1 damage, and now have 7/24 hp.
You hit the orc but do no damage.
The orc looks even sicker.
You block the orc's attack.
You hit the orc but do no damage.
The orc looks as sick as possible!
You kill the orc!
You closely miss the orc. The orc hits you with a +0 short sword.
* * * LOW HITPOINT WARNING * * *
😱 HP[-1]
You take 1 damage, and now have 6/24 hp.
You barely miss the orc. The orc hits you with a +0 short sword.
* * * LOW HITPOINT WARNING * * *
😱 HP[-1]
You take 1 damage, and now have 5/24 hp.
You hit the orc.
The orc is poisoned.
The orc hits you with a +0 short sword.
* * * LOW HITPOINT WARNING * * *
The orc hits you with a +0 short sword.
You die...

Skill      XL: |  1 |
---------------+----+-----
Polearms       | 1 |  1.4
Fighting       | |  3.0
Long Blades    | |  1.5
Dodging        | |  1.5
Stealth        | |  4.1

Action                   || total
-------------------------++-------
Melee: Demon trident     ||    13
  Use: Scroll            ||     1
Dodge: Dodged            ||     1
Block: Buckler           ||     1

Levels and vault maps discovered:
D:4:      layout_basic, hangedman_abyss_or_decor_stagger, uniq_menkaure
D:5:      layout_basic, amcnicky_altar_gilded, serial_shops,
          nicolae_shop_statue_plus, shop, shop, nicolae_inconvenience_store,
          nicolae_shop_waterfront, gup_sewer_entry_bowl
D:6:      minmay_flawed_box, layout_basic, minmay_temple_entry_statues_pillars

Notes
Turn   | Place    | Note
-------+----------+-------------------------------------------
     0 | D:5      | spaghetti the Mummy Delver began the quest for the Orb.
     0 | D:5      | Reached XP level 1. HP: 18/18 MP: 1/1
     0 | D:5      | magus.rc [v1.9.6]
    18 | D:6      | Noticed an orc wizard
    66 | D:5      | Found Fiep's Distillery.
   108 | D:4      | Reached skill level 1 in Polearms
   109 | D:4      | Reached XP level 2. HP: 14/24 MP: 2/2
   118 | D:4      | HP: 6/24 [orc/+0 short sword (2)]
   120 | D:4      | HP: 2/24 [orc/+0 short sword (3)]
   120 | D:4      | Slain by an orc

Vanquished Creatures
  4 orcs (D:4)
  A goblin (D:4)
  A kobold (D:4)
6 creatures vanquished.

Table legend:
 A = Non-vault XP
 B = Vault XP
 C = Vault XP percentage of total XP
 D = Non-vault monster count
 E = Vault monster count
 F = Vault count percentage of total count
                 A         B        C        D         E       F
            +---------+---------+-------+---------+---------+-------
      Total |      15 |       0 |   0.0 |       6 |       0 |   0.0
            +---------+---------+-------+---------+---------+-------
        D:4 |      15 |       0 |   0.0 |       6 |       0 |   0.0
            +---------+---------+-------+---------+---------+-------

Illustrated notes

Table legend:
 A = Kills in this place as a percentage of kills in entire the game.
 B = Kills by you in this place as a percentage of kills by you in the entire game.
 C = Kills by friends in this place as a percentage of kills by friends in the entire game.
 D = Other kills in this place as a percentage of other kills in the entire game.
 E = Experience gained in this place as a percentage of experience gained in the entire game.
 F = Experience gained in this place divided by the number of levels of this place that you have seen.
                   A       B       C       D       E      F
               +-------+-------+-------+-------+-------+----------------------
         Total | 100.0 | 100.0 |   N/A |   N/A | 100.0 |   5.0
       Dungeon | 100.0 | 100.0 |   N/A |   N/A | 100.0 |   5.0
               +-------+-------+-------+-------+-------+----------------------

Table legend: (Time is in decaauts)
 A = Elapsed time spent in this place.
 B = Non-inter-level travel time spent in this place.
 C = Inter-level travel time spent in this place.
 D = Time resting spent in this place.
 E = Time spent auto-exploring this place.
 F = Levels seen in this place.
 G = Mean time per level.
                   A        B        C        D        E       F      G
               +--------+--------+--------+--------+--------+-----+--------+
         Total |    122 |    116 |      6 |      0 |     27 |   3 |   40.7 |
       Dungeon |    122 |    116 |      6 |      0 |     27 |   3 |   40.7 |
               +--------+--------+--------+--------+--------+-----+--------+

Top non-repeatable levels by time:
     D:4: 45 daAuts
     D:5: 43 daAuts
     D:6: 34 daAuts
